 Dungeon Crawl Stone Soup version 0.16-a0-2652-gd333f3b (webtiles) character file.

763 Gorice the Slasher (level 7, -4/52 HPs)
             Began as a Demonspawn Wanderer on Nov 23, 2014.
             Killed from afar by Ijyb (28 damage)
             ... with a wand of lightning
             ... on level 5 of the Dungeon.
             The game lasted 00:31:39 (4618 turns).

Gorice the Slasher (Demonspawn Wanderer)            Turns: 4618, Time: 00:31:39

Health: -4/52      AC: 10    Str: 14    XL:     7   Next: 51%
Magic:  8/8        EV: 11    Int: 14    God:
Gold:   337        SH:  0    Dex: 12    Spells: 0 memorised, 6 levels left

rFire  . . .     SeeInvis .     E - +0 long sword
rCold  . . .     Clarity  .     a - +2 ring mail {rN+}
rNeg   + . .     SustAb   .     (no shield)
rPois  .         Gourm    .     (no helmet)
rElec  .         Spirit   .     j - +0 cloak
rCorr  .         Warding  .     (no gloves)
rMut   .         Stasis   .     r - +0 pair of boots
MR     .....                    (no amulet)
Stlth  +.........               (no ring)
                                (no ring)

@: not resistant to hostile enchantments, very unstealthy
A: talons 2, repulsion field 1, powered by death 2
a: no special abilities


You were on level 5 of the Dungeon.
You were not hungry.

You visited 1 branch of the dungeon, and saw 5 of its levels.

You collected 337 gold pieces.

Inventory:

Hand weapons
 b - a +0 hunting sling
 d - a +0 dagger
 h - a +0 spear
 i - a +1 falchion
 y - a +0 halberd
 B - a +0 hand axe of venom
 E - a +0 long sword (weapon)
Missiles
 p - 57 sling bullets
 z - 3 tomahawks
 X - 2 tomahawks of dispersal
 Y - a throwing net
 Z - 296 stones (quivered)
Armour
 a - a +2 ring mail of positive energy (worn)
 j - a +0 cloak (worn)
 r - a +0 pair of boots (worn)
 t - a +1 ring mail
Magical staves
 o - an uncursed staff of earth {unknown}
Scrolls
 m - 6 scrolls of remove curse
 n - 2 scrolls of enchant weapon
 s - a scroll of amnesia
 u - 2 scrolls of enchant armour
 x - a scroll of blinking
 A - a scroll of identify
 D - 2 scrolls of fog {unknown}
 F - 2 scrolls of magic mapping
Potions
 e - a potion of heal wounds
 g - a potion of curing {unknown}
 k - a potion of beneficial mutation {unknown}
 v - a potion of haste {unknown}
 w - 2 potions of resistance {unknown}
Miscellaneous
 c - a lamp of fire (inert, charging)
Comestibles
 f - 5 bread rations
 l - 7 fruits
 q - 4 meat rations
 C - 2 slices of pizza


   Skills:
 - Level 3.0 Fighting
 * Level 6.2 Long Blades
 - Level 2.6 Axes
 + Level 4.2 Armour
 - Level 1.7 Stealth
 - Level 1.0 Evocations


You had 6 spell levels left.
You didn't know any spells.

Dungeon Overview and Level Annotations

Branches:
Dungeon (5/15)             Temple (0/1) D:4

Altars:
Ashenzari
Cheibriados
Dithmenos
Fedhas
Sif Muna
Vehumet
Zin

Annotations:
D:5 Ijyb


Innate Abilities, Weirdness & Mutations

You have razor-sharp toenails.
You are surrounded by a mild repulsion field (EV +2).
You can steal the life force of defeated enemies.


Message History

Aim: an ogre, wielding a giant club (heavily wounded)
Okay, then.
Drink which item? (? for menu, Esc to quit)
You feel much better. The ogre barely misses you.
Evoke which item? (* to show all) (? for menu, Esc to quit)
Aim the lamp in which direction?
Press: ? - help, Dir - move target cursor, f - Ijyb
Aim: Ijyb, wielding a dagger of holy wrath The flames dance!
The trail of fire hits the ogre.
The ogre is almost dead.
The ogre is engulfed in roaring flames.
You kill the ogre!
Ijyb misses you.
You hit Ijyb.
Ijyb is lightly wounded.
Ijyb screams, "Level is mine!
All mine!"
Ijyb zaps a wand.
The bolt of lightning hits you!
Ouch! That really hurt!
You die...

#.......#....#.##
.........#....####
...<.............#
.................#
............#....#
..#####.....##...# ..#
##..........## #
............<.§.§.###...#
...###....#§E..g@......#
..## #..#§............#
..# #..#####.......# ..#
#.# ##......# .#. #.
#.####. # .# ##


You could see Ijyb and a friendly fire elemental.

Vanquished Creatures
  An ogre (D:5)
  3 big kobolds (D:3)
  A hound (D:4)
  A giant frog zombie (D:5)
  3 orc wizards (D:3)
  11 gnolls
  8 adders
  2 giant mites
  A worm (D:4)
  7 giant geckos
  An ooze (D:3)
  6 orcs (D:3)
  A ball python (D:1)
  12 bats
  29 goblins
  28 hobgoblins
  11 kobolds
  2 quokkas
  5 giant cockroaches
  3 giant newts
  9 rats
145 creatures vanquished.

Vanquished Creatures (collateral kills)
  A gnoll (D:3)
  2 orcs (D:3)
  A hobgoblin (D:3)
  A goblin (D:3)
5 creatures vanquished.

Grand Total: 150 creatures vanquished

Notes
Turn   | Place    | Note
--------------------------------------------------------------
     0 | D:1      | Gorice, the Demonspawn Wanderer, began the quest for the Orb.
     0 | D:1      | Gorice set off with: a lamp of fire, a +0 ring mail, a +0 falchion, a +0 dagger, a bread ration
     0 | D:1      | Reached XP level 1. HP: 18/18 MP: 1/1
   216 | D:1      | Reached skill level 1 in Armour
   216 | D:1      | Gained mutation: You can steal the life force of nearby defeated enemies. [demonic ancestry]
   216 | D:1      | Reached XP level 2. HP: 20/24 MP: 2/2
  1069 | D:2      | Gained mutation: You are surrounded by a mild repulsion field (EV +2). [demonic ancestry]
  1069 | D:2      | Reached XP level 3. HP: 29/29 MP: 3/3
  1466 | D:2      | Gained mutation: You have sharp toenails. [demonic ancestry]
  1466 | D:2      | Reached XP level 4. HP: 28/35 MP: 4/4
  1670 | D:2      | Found a deep blue altar of Sif Muna.
  1849 | D:3      | Found a shadowy altar of Dithmenos.
  2017 | D:3      | Gained mutation: You can steal the life force of defeated enemies. [demonic ancestry]
  2017 | D:3      | Reached XP level 5. HP: 14/41 MP: 5/5
  2336 | D:3      | Reached skill level 4 in Long Blades
  2626 | D:3      | Noticed a big kobold
  2636 | D:3      | Gained mutation: You have razor-sharp toenails. [demonic ancestry]
  2636 | D:3      | Reached XP level 6. HP: 47/47 MP: 7/7
  2642 | D:3      | Noticed a big kobold
  2660 | D:3      | Killed a big kobold
  2682 | D:3      | Killed a big kobold
  2682 | D:3      | Reached skill level 5 in Long Blades
  2730 | D:3      | Noticed a big kobold
  2742 | D:3      | Killed a big kobold
  2801 | D:3      | Reached XP level 7. HP: 49/52 MP: 8/8
  2916 | D:3      | Found a snail-covered altar of Cheibriados.
  3114 | D:3      | Found a blossoming altar of Fedhas.
  3589 | D:4      | Found a glowing silver altar of Zin.
  3960 | D:4      | Found a staircase to the Ecumenical Temple.
  4026 | D:4      | Found a radiant altar of Vehumet.
  4137 | D:4      | Found a shattered altar of Ashenzari.
  4343 | D:5      | Entered Level 5 of the Dungeon
  4373 | D:5      | Reached skill level 6 in Long Blades
  4606 | D:5      | Noticed Ijyb
  4618 | D:5      | Killed from afar by Ijyb

Action                   |  1- 3 |  4- 6 |  7- 9 || total
-------------------------+-------+-------+-------++-------
Melee: Falchion          |   127 |   310 |   146 ||   583
       Long sword        |       |       |     3 ||     3
 Fire: Hunting sling     |       |     5 |    15 ||    20
Throw: Stone             |     4 |       |       ||     4
Evoke: Lamp of fire      |       |     1 |     1 ||     2
  Use: Scroll            |     5 |     2 |     2 ||     9
       Potion            |       |     2 |     1 ||     3
 Stab: Sleeping          |     1 |     1 |       ||     2
  Eat: Chunk             |     2 |     5 |     4 ||    11
       Beef jerky        |       |       |     1 ||     1
